 Dungeon Crawl Stone Soup version 0.30.1-11-g7821555f0a (webtiles) character file.

Game seed: 5164741709471634877

98 Heoruswealwe the Conjurer (level 4, 0/24 HPs)
             Began as a Deep Elf Conjurer on Dec 8, 2023.
             Slain by a fire bat (3 damage)
             ... on level 4 of the Dungeon.
             The game lasted 00:25:53 (2804 turns).

Heoruswealwe the Conjurer (Deep Elf Conjurer)       Turns: 2804, Time: 00:25:53

Health: 0/24       AC:  3    Str:  4    XL:     4   Next: 44%
Magic:  10/12      EV: 12    Int: 25    God:
Gold:   112        SH:  0    Dex: 13    Spells: 2/12 levels left

rFire   + . .        a - +0 short sword (drain)
rCold   . . .        (no shield)
rNeg    . . .        c - +0 robe
rPois   .            g - +0 helmet
rElec   .            (no cloak)
rCorr   .            (no gloves)
SInv    .            (no boots)
Will    .....        i - amulet of magic regeneration
Stlth   ++           k - ring of protection from fire
HPRegen 0.24/turn    (no ring)
MPRegen 0.53/turn

%: no passive effects
@: no status effects
A: no striking features
a: no special abilities


You were on level 4 of the Dungeon.
You visited 1 branch of the dungeon, and saw 4 of its levels.

You collected 226 gold pieces.
You spent 114 gold pieces at shops.

Inventory:

Hand Weapons
 a - a +0 short sword of draining (weapon)
 b - a +0 war axe
Armour
 c - a +0 robe (worn)
 g - a +0 helmet (worn)
Jewellery
 i - an amulet of magic regeneration (around neck)
 k - a ring of protection from fire (left hand)
 v - an amulet of reflection
Wands
 q - a wand of paralysis (8)
Scrolls
 d - 4 scrolls of identify {unknown}
 e - 2 scrolls of fog {unknown}
 h - 3 scrolls of fear {unknown}
 j - a scroll of blinking {unknown}
 l - 3 scrolls of magic mapping {unknown}
 n - 2 scrolls of immolation {unknown}
 o - a scroll of noise {unknown}
 t - 2 scrolls of teleportation {unknown}
 x - 2 scrolls of enchant armour {unknown}
Potions
 f - 3 potions of curing
 m - a potion of attraction {unknown}
 p - a potion of mutation {unknown}
 r - a potion of flight {unknown}
 s - 3 potions of heal wounds {unknown}
 u - a potion of ambrosia {unknown}
 w - a potion of degeneration {unknown}
 z - 2 potions of resistance


   Skills:
 - Level 2.8 Dodging
 - Level 3.0 Stealth
 + Level 4.7 Spellcasting
 + Level 5.3 Conjurations


You had 2 spell levels left.
You knew the following spells:

 Your Spells              Type           Power      Damage    Failure   Level
a - Magic Dart            Conj           100%       1d8       1%          1
b - Searing Ray           Conj           64%        2d6       1%          2
c - Dazzling Flash        Conj/Hex       38%        N/A       9%          3
d - Fulminant Prism       Conj/Hex       9%         3d6       28%         4

Your spell library contained the following spells:

 Spells                   Type           Power      Damage    Failure   Level
 Beastly Appendage        Tmut           10%        N/A       9%          1
 Freeze                   Ice            20%        1d4       9%          1
 Wereblood                Tmut           5%         N/A       13%         2
 Hailstorm                Conj/Ice       19%        3d6       9%          3
 Frozen Ramparts          Ice            10%        1d2       26%         3
 Inner Flame              Hex/Fire       5%         N/A       26%         3
 Spider Form              Tmut/Pois      5%         N/A       26%         3
 Iskenderun's Mystic Bla  Conj/Tloc      19%        2d6       28%         4
 Yara's Violent Unravell  Hex/Tmut       2%         3d3       93%         5
 Enfeeble                 Hex            2%         N/A       100%        7


Dungeon Overview and Level Annotations

Branches:
Dungeon (4/15)
 Temple: D:4-7

Altars:
Gozag
Hepliaklqana
Nemelex Xobeh

Shops:
D:3 *

Annotations:
D:4 1 transporter


Message History

The magic dart hits the ball python.
You kill the ball python!
You now have 112 gold pieces (gained 18).
You see here a ball python corpse.
Found a transporter.
Found a potion of resistance.
There is a transporter here.
You enter the transporter and appear at another place.
z - 2 potions of resistance (gained 1) As you open the gate, it creaks loudly!
A fire bat comes into view.
The fire bat misses you.
You are engulfed in blazing flames.
You resist. The fire bat misses you.
There is an open gate here.
You are engulfed in blazing flames.
You resist.
The fire bat bites you but does no damage.
The fire bat barely misses you. The fire bat attacks as you move away!
The fire bat bites you.
You are engulfed in flames.
You resist.
* * * LOW HITPOINT WARNING * * *
The fire bat bites you.
* * * LOW HITPOINT WARNING * * *
You are engulfed in flames.
You resist.
* * * LOW HITPOINT WARNING * * *
You see here 8 gold pieces.
It was a potion of curing.
You feel better.
Casting: Magic Dart (safe; 1% risk of failure)
Confirm with . or Enter, or press ? or * to list all spells.
Aiming: Searing Ray (safe; 1% risk of failure)
Press: ? - help, Shift-Dir - straight line, f - fire bat
Aim: a fire bat (71% to hit)
The searing ray hits the fire bat.
The fire bat is moderately wounded. (Press . to maintain the ray.)
The fire bat bites you.
You are engulfed in flames.
You resist.
* * * LOW HITPOINT WARNING * * *
The searing ray misses the fire bat.
The fire bat bites you.
* * * LOW HITPOINT WARNING * * *
You are engulfed in flames.
You resist.
You die...

#.# #.# #### #.# ####### ..# #.#
#☼°☼.○######## #.#
#.#############☼°○°°#○☼○.°○###.##
............###°○°○☼#○○°○○○#.....
#.#########...#$$.☼☼○.#.#.○#...##
...## #..©#©$.○☼○...©○○#©..##
....# #...#(@.°.☼.#.#○○#..###
...## #.###○b○°°#○○○○○.#..# #
#.## #.###○°○☼°#○○○.○.#### #.#
#.# #☼°○○☼######## #.# #.#
####### #.# #'## #.# #.# ...##
#.# #.# # ....## #.####
#####.##### ## .....## ##....#
#.>.......# ##.


You could see a fire bat.

Vanquished Creatures
  3 adders
  A worm (D:3)
  2 dart slugs
  2 orcs
  9 endoplasms
  4 giant cockroaches
  4 hobgoblins
  2 quokkas
  5 ball pythons
  9 bats
  8 frilled lizards
  5 goblins
  2 kobolds
  3 rats
59 creatures vanquished.

Notes
Turn   | Place    | Note
-------+----------+-------------------------------------------
     0 | D:1      | Heoruswealwe the Deep Elf Conjurer began the quest for the
                  | Orb.
     0 | D:1      | Reached XP level 1. HP: 10/10 MP: 6/6
   263 | D:1      | Reached XP level 2. HP: 15/15 MP: 4/8
   266 | D:1      | Learned a level 2 spell: Searing Ray
   536 | D:1      | Reached XP level 3. HP: 19/19 MP: 5/10
   708 | D:2      | Found a sparkling altar of Nemelex Xobeh.
   763 | D:2      | Reached skill level 5 in Conjurations
  1380 | D:3      | Found a hazy altar of Hepliaklqana.
  1564 | D:3      | Reached XP level 4. HP: 24/24 MP: 9/12
  1568 | D:3      | Learned a level 3 spell: Dazzling Flash
  1573 | D:3      | Learned a level 4 spell: Fulminant Prism
  1624 | D:3      | Found Ruffu's Assorted Antiques.
  1633 | D:3      | Bought a scroll labelled APRIEPLA JETTA for 25 gold pieces
  1633 | D:3      | Bought a glowing black potion for 22 gold pieces
  1633 | D:3      | Bought 2 orange potions for 45 gold pieces
  1633 | D:3      | Bought a glowing black potion for 22 gold pieces
  2398 | D:4      | Found a transporter.
  2680 | D:4      | Found an opulent altar of Gozag.
  2786 | D:4      | Found a transporter.
  2796 | D:4      | Noticed a fire bat
  2801 | D:4      | HP: 1/24 [fire bat (2)]
  2804 | D:4      | Slain by a fire bat

Illustrated notes

Levels and vault maps discovered:
D:1:      roderic_dead_forest, layout_rooms
D:2:      layout_basic, basic_altar
D:3:      minmay_door_path, layout_basic, nicolae_hepliaklqana_hazy_memory,
          serial_shops, shop
D:4:      gammafunk_cloud_chamber, layout_loops_corners, grunt_gozag_statues,
          serial_shops, shop

Skill      XL: |  1  2  3 |
---------------+----------+-----
Stealth        | 3 |  3.0
Spellcasting   | 4 |  4.7
Conjurations   | 5 |  5.3
Dodging        | |  2.8

Action                     |  1- 3 |  4- 6 || total
---------------------------+-------+-------++-------
  Melee: Unarmed           |     5 |       ||     5
         Dagger            |     1 |       ||     1
         Short sword       |     3 |    13 ||    16
         Punch             |       |     1 ||     1
   Cast: Magic Dart        |    72 |    31 ||   103
         Searing Ray       |     2 |     1 ||     3
    Use: Potion            |     1 |     1 ||     2
 Armour: Robe              |     6 |     4 ||    10
  Dodge: Dodged            |    16 |     6 ||    22
